 Dungeon Crawl Stone Soup version 0.28-a0-863-g8cecda6153 (webtiles) character file.

Game seed: 5301749335035898269

67 vineage the Skirmisher (level 4, 38/38 HPs)
             Began as a Demonspawn Gladiator on Nov 18, 2021.
             Quit the game on level 2 of the Dungeon.
             The game lasted 00:02:01 (1469 turns).

vineage the Skirmisher (Demonspawn Gladiator)       Turns: 1469, Time: 00:02:01

Health: 38/38      AC: 10    Str: 15    XL:     4   Next: 0%
Magic:  4/4        EV: 12    Int:  9    God:
Gold:   35         SH:  0    Dex: 15    Spells: 3/3 levels left

rFire   . . .      SeeInvis .   h - +2 dagger (protect)
rCold   . . .      Faith    .   (no shield)
rNeg    . . .      Spirit   .   b - +0 leather armour
rPois   .          Reflect  .   (helmet restricted)
rElec   .          Harm     .   (no cloak)
rCorr   .          Rampage  .   (no gloves)
Will    .....                   (no boots)
Stlth   +.........              (no amulet)
HPRegen 0.12/turn               (no ring)
MPRegen 0.09/turn               (no ring)

@: under a protective aura
A: antennae 1, foul stench 1
a: no special abilities


You were on level 2 of the Dungeon.
You visited 1 branch of the dungeon, and saw 2 of its levels.

You collected 35 gold pieces.

Inventory:

Hand Weapons
 a - a +0 long sword
 h - a +2 dagger of protection (weapon)
Missiles
 d - 3 throwing nets (quivered)
Armour
 b - a +0 leather armour (worn)
 c - a +0 helmet
Scrolls
 e - a scroll of brand weapon {unknown}
 g - a scroll of vulnerability {unknown}
Potions
 f - a potion of degeneration {unknown}


   Skills:
 + Level 4.3 Fighting
 - Level 2.6 Long Blades
 - Level 1.7 Throwing
 - Level 2.6 Dodging


You had 3 spell levels left.
You didn't know any spells.
Your spell library contained the following spells:

 Spells                   Type           Power      Damage    Failure   Level
 Apportation              Tloc           0%         N/A       45%         1
 Alistair's Intoxication  Tmut/Pois      0%         N/A       100%        5


Dungeon Overview and Level Annotations

Branches:
Dungeon (2/15)

Altars:


Innate Abilities, Weirdness & Mutations

You have a pair of small antennae on your head.
You may rarely emit foul miasma when damaged in melee.


Message History

The adder bites you but does no damage.
You hit the adder.
The adder is heavily wounded.
The adder bites you but does no damage.
You barely miss the adder.
The adder is heavily wounded.
The adder bites you.
You are poisoned.
The adder poisons you!
You hit the adder.
The adder is severely wounded.
You feel sick. The adder bites you but does no damage.
You hit the adder.
You kill the adder!
You feel sick.
No target in view!
No target in view!
No target in view!
No target in view!
No target in view!
No target in view!
No target in view!
No target in view!
No target in view!
You feel sick.
You feel sick.
You feel sick.
You feel sick.
You are no longer poisoned.
Items here: ††††.
A kobold comes into view. It is wielding a +0 dagger.
A kobold is nearby!
You hit the kobold.
Your weapon exudes an aura of protection.
You kill the kobold!
You have reached level 4!
You feel agile.
Your demonic ancestry asserts itself...
A pair of antennae grows on your head!
Your +0 helmet falls away!
Are you sure you want to abandon this character and quit the game? (Confirm with "yes".)

#.#.# ###.# #.#.#
#.>.# #. ##.###
######...########
.<.....#.†.......
.#####...########
##.## ##.######.#
......)@..#
##...###### ... .


There were no monsters in sight!

Vanquished Creatures
  3 adders (D:2)
  2 dart slugs (D:1)
  3 bats (D:1)
  4 endoplasms
  A hobgoblin (D:1)
  6 jackals
  A quokka (D:1)
  6 ball pythons
  4 goblins (D:1)
  2 kobolds
  3 rats
35 creatures vanquished.

Notes
Turn   | Place    | Note
-------+----------+-------------------------------------------
     0 | D:1      | vineage the Demonspawn Gladiator began the quest for the
                  | Orb.
     0 | D:1      | Reached XP level 1. HP: 16/16 MP: 1/1
    97 | D:1      | Gained mutation: You may rarely emit foul miasma when
                  | damaged in melee. [demonic ancestry]
    97 | D:1      | Reached XP level 2. HP: 20/23 MP: 2/2
   266 | D:1      | Reached skill level 3 in Fighting
   815 | D:1      | Reached XP level 3. HP: 29/29 MP: 3/3
  1189 | D:2      | Reached skill level 4 in Fighting
  1469 | D:2      | Gained mutation: You have a pair of small antennae on your
                  | head. [demonic ancestry]
  1469 | D:2      | Reached XP level 4. HP: 38/38 MP: 4/4
  1469 | D:2      | Quit the game

Illustrated notes

Levels and vault maps discovered:
D:1:      dpeg_arrival_shrine, layout_basic, kennysheep_crisscross
D:2:      layout_loops_ring, shapermc_ecumenical_altar_ellora

Skill      XL: |  1  2  3 |
---------------+----------+-----
Fighting       | 3 4 |  4.3
Long Blades    | |  2.6
Throwing       | |  1.7
Dodging        | |  2.6

Action                   |  1- 3 |  4- 6 || total
-------------------------+-------+-------++-------
Melee: Long sword        |    67 |       ||    67
       Dagger            |    49 |       ||    49
Armor: Leather armour    |    68 |       ||    68
Dodge: Dodged            |   103 |       ||   103

Table legend: (Time is in decaauts)
 A = Elapsed time spent in this place.
 B = Non-inter-level travel time spent in this place.
 C = Inter-level travel time spent in this place.
 D = Time resting spent in this place.
 E = Time spent auto-exploring this place.
 F = Levels seen in this place.
 G = Mean time per level.
                   A        B        C        D        E       F      G
               +--------+--------+--------+--------+--------+-----+--------+
         Total |   1482 |   1447 |     35 |      0 |   1232 |   2 |  741.0 |
       Dungeon |   1482 |   1447 |     35 |      0 |   1232 |   2 |  741.0 |
               +--------+--------+--------+--------+--------+-----+--------+

Top non-repeatable levels by time:
     D:1: 1148 daAuts
     D:2: 333 daAuts
